 Dungeon Crawl Stone Soup version 0.27.0-1-g7a089689b8 (webtiles) character file.

Game seed: 15150932955458494316

60 Spaninq the Spear-Bearer (level 4, -1/52 HPs)
             Began as a Merfolk Chaos Knight on Aug 10, 2021.
             Was a Plaything of Xom.
             Succumbed to an adder's poison
             ... on level 2 of the Dungeon.
             The game lasted 00:03:55 (1168 turns).

Spaninq the Spear-Bearer (Merfolk Chaos Knight)     Turns: 1168, Time: 00:03:56

Health: -1/52      AC: 22    Str: 13    XL:     4   Next: 4%
Magic:  4/4        EV:  2    Int: 11    God:    Xom [..*...]
Gold:   54         SH:  0    Dex: 13    Spells: 3/3 levels left

rFire    . . .     SeeInvis .   a - +0 spear (chaos)
rCold    . . .     Faith    .   (no shield)
rNeg     + + +     Spirit   .   (armour currently unavailable)
rPois    +         Reflect  .   (helmet currently unavailable)
rElec    .         Harm     .   (cloak currently unavailable)
rCorr    .         Rampage  .   (gloves currently unavailable)
Will     .....     NoTele   +   (boots currently unavailable)
Stlth    +.........             (no amulet)
HPRegen  0.17/turn              (no ring)
MPRegen  0.09/turn              (no ring)

@: lethally poisoned (-1 -> -15), tree-form
A: stationary, stasis, torment immunity, boosted hp, (nimble swimmer 2),
(mertail)
a: Renounce Religion


You were on level 2 of the Dungeon.
You worshipped Xom.
You were a toy of Xom.
You were a tree.
You visited 1 branch of the dungeon, and saw 2 of its levels.

You collected 54 gold pieces.

Inventory:

Hand Weapons
 a - a +0 spear of chaos (weapon)
Armour
 g - a +0 plate armour (melded)
Scrolls
 b - a scroll of fog {unknown}
 d - a scroll of identify {unknown}
 e - a scroll of vulnerability {unknown}
 f - a scroll of torment {unknown}
 h - a scroll of enchant weapon {unknown}
Potions
 i - a potion of berserk rage {unknown}


   Skills:
 + Level 3.4 Fighting
 * Level 11.4 Polearms
 + Level 0.7 Armour
 + Level 2.8 Dodging


You had 3 spell levels left.
You didn't know any spells.
Your spell library contained the following spells:

 Spells                   Type           Power      Damage    Failure   Level
 Foxfire                  Conj/Fire      0%         2x1d4     34%         1
 Conjure Flame            Conj/Fire      0%         6-21      71%         3
 Inner Flame              Hex/Fire       0%         N/A       71%         3


Dungeon Overview and Level Annotations

Branches:
Dungeon (2/15)

Altars:


Innate Abilities, Weirdness & Mutations

You are a tree.
Your roots penetrate the ground, keeping you stationary.
You cannot be teleported.
You are immune to unholy pain and torment.
Your maximum health is greatly increased.
Your equipment is partially melded.
((You are quick and stealthy near water. (Stealth+, EV+, Speed+++)))
((Your lower body shifts to a powerful aquatic tail in water.))


Message History

You are more poisoned.
The adder poisons you!
You hit the adder.
The adder is heavily wounded.
You feel sick. The adder bites you but does no damage.
You miss the adder.
The adder is heavily wounded.
You feel sick.
You hit the adder.
The adder goes berserk!
The adder is heavily wounded.
You feel sick. The adder bites you.
You hit the adder.
The adder is severely wounded.
You feel sick. The adder bites you but does no damage.
You hit the adder.
The adder seems to speed up.
The adder is almost dead.
The adder bites you but does no damage.
You closely miss the adder.
The adder is almost dead.
You feel sick. The adder bites you but does no damage.
You closely miss the adder.
The adder is almost dead.
The adder bites you.
You are more poisoned.
The adder poisons you!
You miss the adder.
The adder is almost dead.
* * * LOW HITPOINT WARNING * * *
You feel sick. The adder bites you.
* * * LOW HITPOINT WARNING * * *
The adder bites you.
* * * LOW HITPOINT WARNING * * *
You are more poisoned.
The adder poisons you!
It was a potion of lignification.
You turn into a tree.
Your +0 plate armour melds into your body.
Your roots penetrate the ground.
Xom is mildly amused.
You die...
Xom giggles madly!

............ ............
............ #...........
.........S.. ##...........
.....### .# .......... #......#
#+# .##+#...#....
#......######.######.##.#...#....
#.............#......##.#...#....
#..........g..#.##....#.....'....
#.............#<♣SK...#.....###..
####+#####..>.####....#..........
. #####.....K.....##...##..... ..
#..............###...##.....
...#....#..............###.....
........#.#.......#....# #.....
........#+#...#+#.......##)....
.........)......#.......##.....
........................###....


You could see an adder (berserk, fast, agile) and a kobold.

Vanquished Creatures
  A gnoll (D:1)
  An adder (D:2)
  A dart slug (D:1)
  4 bats
  An endoplasm (D:1)
  2 goblins (D:2)
  2 hobgoblins
  3 quokkas
  3 ball pythons (D:1)
  4 frilled lizards
  4 kobolds
  4 rats
30 creatures vanquished.

Notes
Turn   | Place    | Note
-------+----------+-------------------------------------------
     0 | D:1      | Spaninq the Merfolk Chaos Knight began the quest for the
                  | Orb.
     0 | D:1      | Reached XP level 1. HP: 18/18 MP: 1/1
    97 | D:1      | Found a faded altar of an unknown god.
   161 | D:1      | XOM: potion effect (experience)
   161 | D:1      | Reached skill level 11 in Polearms
   161 | D:1      | Reached XP level 2. HP: 24/24 MP: 2/2
   391 | D:1      | Reached XP level 3. HP: 29/29 MP: 3/3
   499 | D:1      | XOM: silly message
   690 | D:1      | XOM: silly message
   742 | D:1      | XOM: divination: detect creatures
   952 | D:2      | Reached XP level 4. HP: 30/35 MP: 4/4
  1167 | D:2      | HP: 1/35 [adder (6)]
  1168 | D:2      | Succumbed to an adder's poison

Illustrated notes

Levels and vault maps discovered:
D:1:      dpeg_arrival_oval, layout_loops_ring, shapermc_ecumenical_altar_gd,
          minivault_14
D:2:      layout_basic

Skill      XL: |  1 |
---------------+----+-----
Polearms       | 11 | 11.4
Fighting       | |  3.4
Armour         | |  0.7
Dodging        | |  2.8

Action                   |  1- 3 |  4- 6 || total
-------------------------+-------+-------++-------
Melee: Spear             |    93 |    16 ||   109
  Use: Potion            |       |     1 ||     1
 Stab: Sleeping          |     2 |       ||     2
Armor: Leather armour    |    29 |       ||    29
       Plate armour      |       |     6 ||     6
Dodge: Dodged            |    43 |       ||    43
